 Dungeon Crawl Stone Soup version 0.22-a0-565-gfc6459a (webtiles) character file.

388417 vinnietd the Warrior (level 23, -3/153 HPs)
             Began as a Gargoyle Fighter on June 28, 2018.
             Was an Initiate of Gozag.
             Slain by a white very ugly thing (41 damage)
             ... while paralysed by a floating eye
             ... on level 1 of the Depths.
             The game lasted 02:48:49 (45919 turns).

vinnietd the Warrior (Gargoyle Fighter)            Turns: 45919, Time: 02:48:50

Health: -3/153     AC: 46    Str: 28    XL:     23   Next: 4%
Magic:  27/35      EV:  2    Int: 10    God:    Gozag
Gold:   3554       SH:  0    Dex: 13    Spells: 36/38 levels left

rFire    . . .     SeeInvis .   I - +7 eveningstar (drain)
rCold    . . .     Gourm    .   X - +18 shield of the Gong {rElec rN+ MR+ EV-5}
rNeg     + + .     Faith    .   A - +1 leather armour "Hosteol" {*Contam +Blink Regen+ Slay+5}
rPois    ∞         Spirit   .   O - +2 hat of Zyalem {MR+}
rElec    +         Reflect  +   c - +1 cloak {MR+}
rCorr    .         Harm     .   q - +2 pair of gloves {Dex+3}
MR       ++++.                  E - +1 pair of boots {Fly}
Stlth    +.........             z - +6 amulet of reflection
HPRegen  0.75/turn              Y - +6 ring of protection
MPRegen  0.24/turn              C - +5 ring of protection

@: paralysed, gold aura, flying
A: big wings, hooves 1, repulsion field 1, blink, negative energy resistance 1,
electricity resistance, unbreathing, petrification resistance, rot immunity,
MP-powered wands, AC +17
}: 2/15 runes: decaying, serpentine
a: Stop Flying, Blink, Potion Petition, Call Merchant, Bribe Branch, Renounce
Religion, Evoke Blink


You were on level 1 of the Depths.
You worshipped Gozag.
Gozag was most pleased with you.
You were not hungry.

You visited 8 branches of the dungeon, and saw 39 of its levels.
You visited 1 bazaar.
You also visited: Ice Cave, Volcano and Desolation.

You collected 22441 gold pieces.
You spent 6870 gold pieces at shops.
You paid 12017 gold pieces to Gozag.

Inventory:

Hand Weapons
 I - a +7 eveningstar of draining (weapon)
Armour
 c - a +1 cloak of magic resistance (worn)
 h - a +1 hat of see invisible
 q - a +2 pair of gloves of dexterity (worn)
 A - the +1 leather armour "Hosteol" (worn) {*Contam +Blink Regen+ Slay+5}
   (You found it on level 7 of the Dungeon)

   It affects your accuracy and damage with ranged weapons and melee attacks
   (+5).
   It lets you blink.
   It causes magical contamination when unequipped.
   It increases your rate of regeneration.
 E - a +1 pair of boots of flying (worn)
 O - the +2 hat of Zyalem (worn) {MR+}
   (You found it on level 4 of the Snake Pit)

   It affects your resistance to hostile enchantments.
 X - the +18 shield of the Gong (worn) {rElec rN+ MR+ EV-5}
   (You bought it in a shop on level 13 of the Dungeon)

   It affects your evasion (-5).
   It insulates you from electricity.
   It protects you from negative energy.
   It affects your resistance to hostile enchantments.
Jewellery
 l - an uncursed ring of protection from cold
 n - an uncursed ring of resist corrosion
 z - a +6 amulet of reflection (around neck)
 C - a +5 ring of protection (right hand)
 Y - a +6 ring of protection (left hand)
Wands
 a - a wand of flame (37)
 m - a wand of iceblast (28)
 v - a wand of enslavement (45)
 x - a wand of polymorph (23)
 y - a wand of paralysis (54)
 H - a wand of scattershot (8)
 N - a wand of acid (36)
 T - a wand of digging (19)
 V - a wand of disintegration (9)
Scrolls
 i - 19 scrolls of remove curse {@r2}
 j - 20 scrolls of teleportation
 k - 4 scrolls of enchant armour
 r - 7 scrolls of identify {@r1}
 t - a scroll of brand weapon
 D - 5 scrolls of holy word
 L - a scroll of summoning
 U - 5 scrolls of magic mapping
Potions
 b - 2 potions of berserk rage
 d - 21 potions of curing {@q1}
 e - 4 potions of resistance
 g - 2 potions of magic
 s - 9 potions of haste
 w - 7 potions of cancellation
 B - 12 potions of heal wounds
 F - 2 potions of invisibility
 K - a potion of ambrosia
 W - 2 potions of might
 Z - 2 potions of agility
Miscellaneous
 p - a lightning rod (4/4)
 u - a phial of floods
 P - 2 boxes of beasts
 Q - a lamp of fire
 R - a fan of gales
Comestibles
 f - 27 rations


   Skills:
 + Level 18.9 Fighting
 - Level 16.0 Maces & Flails
 + Level 18.1 Armour
 + Level 9.1 Dodging
 - Level 15.0 Shields
 * Level 8.1 Spellcasting
 * Level 8.2 Charms
 - Level 17.4 Evocations


You had 36 spell levels left.
You knew the following spells:

 Your Spells              Type           Power        Failure   Level  Hunger
a - Song of Slaying       Chrm           ###.....     1%          2    #......

Your spell library contained the following spells:

 Spells                   Type           Power        Failure   Level  Hunger
 Cause Fear               Hex            #.........   87%         4    ####...
 Magic Dart               Conj           #...         19%         1    None
 Fireball                 Conj/Fire      #.........   99%         5    ######.
 Apportation              Tloc           #.....       19%         1    None
 Conjure Flame            Conj/Fire      #.......     47%         3    ###....
 Bolt of Fire             Conj/Fire      #.........   100%        6    #######
 Bolt of Cold             Conj/Ice       #.........   100%        6    #######
 Bolt of Magma            Conj/Fire/Erth #.........   99%         5    ######.
 Slow                     Hex            #.......     26%         2    #......
 Throw Flame              Conj/Fire      #.....       26%         2    #......
 Throw Frost              Conj/Ice       #.....       26%         2    #......
 Freezing Cloud           Conj/Ice/Air   #.........   100%        6    #######
 Mephitic Cloud           Conj/Pois/Air  #.......     47%         3    ###....
 Venom Bolt               Conj/Pois      #.........   99%         5    ######.
 Olgreb's Toxic Radiance  Pois           #.......     87%         4    ####...
 Teleport Other           Tloc           #.......     47%         3    ###....
 Summon Small Mammal      Summ           #...         19%         1    None
 Blink                    Tloc           N/A          26%         2    #......
 Iskenderun's Mystic Bla  Conj           #.......     87%         4    ####...
 Animate Dead             Necr           N/A          87%         4    ####...
 Pain                     Necr           #...         19%         1    None
 Animate Skeleton         Necr           N/A          19%         1    None
 Vampiric Draining        Necr           #.........   47%         3    ###....
 Freeze                   Ice            #...         19%         1    None
 Ozocubu's Refrigeration  Ice            #.........   100%        6    #######
 Sticky Flame             Conj/Fire      #.......     87%         4    ####...
 Summon Ice Beast         Ice/Summ       #.......     87%         4    ####...
 Ozocubu's Armour         Chrm/Ice       ##......     10%         3    ###....
 Call Imp                 Summ           #.......     26%         2    #......
 Regeneration             Chrm/Necr      ##........   10%         3    ###....
 Sting                    Conj/Pois      #...         19%         1    None
 Sublimation of Blood     Necr           #.........   26%         2    #......
 Iron Shot                Conj/Erth      #.........   100%        6    #######
 Statue Form              Tmut/Erth      #........    100%        6    #######
 Ice Form                 Ice/Tmut       #.......     87%         4    ####...
 Dragon Form              Tmut           #.........   100%        7    #######
 Deflect Missiles         Chrm/Air       ##........   99%         6    #######
 Throw Icicle             Conj/Ice       #.......     87%         4    ####...
 Confusing Touch          Hex            #.....       19%         1    None
 Flame Tongue             Conj/Fire      #....        19%         1    None
 Call Canine Familiar     Summ           #.......     47%         3    ###....
 Metabolic Englaciation   Hex/Ice        #.........   99%         5    ######.
 Summon Butterflies       Summ           #.......     19%         1    None
 Silence                  Hex/Air        #.........   99%         5    ######.
 Static Discharge         Conj/Air       #.......     47%         3    ###....
 Simulacrum               Ice/Necr       #.........   100%        6    #######
 Passage of Golubria      Tloc           N/A          87%         4    ####...
 Orb of Destruction       Conj           #.........   100%        7    #######
 Summon Hydra             Summ           #.........   100%        7    #######
 Shroud of Golubria       Chrm/Tloc      ##........   4%          2    #......
 Inner Flame              Hex/Fire       #.......     47%         3    ###....
 Iskenderun's Battlesphe  Conj/Chrm      ##......     67%         5    ######.
 Fulminant Prism          Conj/Hex       #.........   87%         4    ####...
 Dazzling Spray           Conj/Hex       #.....       47%         3    ###....
 Force Lance              Conj/Tloc      #.......     87%         4    ####...
 Infusion                 Chrm           ###.         1%          1    None
 Spectral Weapon          Hex/Chrm       ##......     10%         3    ###....
 Searing Ray              Conj           #.....       26%         2    #......
 Discord                  Hex            #.........   100%        8    #######
 Summon Lightning Spire   Summ/Air       #.......     87%         4    ####...
 Dragon's Call            Summ           #.........   100%        9    #######
 Spellforged Servitor     Conj/Summ      #.........   100%        7    #######
 Summon Mana Viper        Hex/Summ       #.......     99%         5    ######.
 Hydra Form               Tmut           #.........   100%        6    #######
 Irradiate                Conj/Tmut      #.........   99%         5    ######.
 Gell's Gravitas          Tloc           #.........   47%         3    ###....
 Yara's Violent Unravell  Hex/Tmut       #.........   99%         5    ######.
 Lesser Beckoning         Tloc           #.........   47%         3    ###....
 Poisonous Vapours        Pois/Air       #.....       26%         2    #......
 Ignition                 Fire           #.........   100%        8    #######


Dungeon Overview and Level Annotations

Branches:
Dungeon (15/15)            Temple (0/1) D:6            Lair (6/6) D:11
  Swamp (4/4) Lair:3        Snake (4/4) Lair:4        Slime (0/5) Lair:5
    Orc (2/2) D:9             Elf (3/3) Orc:2        Vaults (4/5) D:13
  Crypt (0/3) Vaults:3     Depths (1/5) D:15

Altars:
Cheibriados
Gozag
Hepliaklqana
Nemelex Xobeh
Trog
Vehumet
Wu Jian
Xom
Yredelemnul
The Shining One
Beogh
Jiyva

Shops:
D:5 !   D:6 %   D:8 !   D:10 ?   D:13 [   Orc:1 (   Orc:2 (=[*   Elf:2 *
Elf:3 }   Snake:1 *   Snake:3 }:!   Vaults:2 ?([   Vaults:4 =:

Annotations:
D:12 1 runed door
Lair:4 1 runed door, Nihesos's ghost, journeyman GnEn


Innate Abilities, Weirdness & Mutations

You are resistant to torment.
Your stone body is resilient. (AC +17)
You are immune to poison.
Your large and strong wings let you fly indefinitely.
You resist negative energy. (rN+)
You are resistant to electric shocks. (rElec)
You can survive without breathing.
You are immune to petrification.
You are immune to rotting.
You have large cloven feet.
You are surrounded by a mild repulsion field. (EV +2)
You can translocate small distances at will.
You expend magic power (3 MP) to strengthen your wands.


Message History

The spriggan defender hits you with an antimagic lajatang.
You feel your power leaking away.
The rakshasa weaves an illusion.
The floating eye shimmers and seems to become two!
The spriggan defender hits you but does no damage.
The floating eye changes into an eye of devastation!
The spriggan defender is no longer distracted by gold.
The floating eye changes into a salamander!
The wizard hits you but does no damage.
The spriggan is distracted by the nearby gold.
You hear some strange, mumbled words.
A bolt of cold appears from out of thin air!
The bolt of cold hits you!
* * * LOW HITPOINT WARNING * * *
The green very ugly thing pecks you but does no damage.
The white very ugly thing gores you.
* * * LOW HITPOINT WARNING * * *
The white very ugly thing freezes you!!!
You die...
Your body crumbles into a pile of gold.

.......C..≈≈i..
..........≈≈≈i.
#..!......Q≈.. #
#........ii..
##.#.......Z....
#......DZi..i...
#.....uu{N......
#.....p@iZG#
#......iu$##
#..........#
#......(.....
####...........
..R...#.......
#......#.....#.
#......#.....#


You could see 2 very ugly things, a fire dragon, a stone giant, a tengu reaver,
4 spriggan defenders, a green ugly thing, a rakshasa, a salamander shaped
shifter, a spriggan rider, an eye of devastation shaped shifter, a spriggan air
mage (unaware), a wizard, 2 spriggans, a glowing shapeshifter simulacrum, a
yaktaur captain skeleton and a stone giant skeleton.

Vanquished Creatures
  Vashnia (Snake:4)
  Nikola (Snake:2)
  4 liches
  Jorgrun (Snake:4)
  An Ice Fiend (IceCv)
  3 deep elf blademasters (Elf:3)
  A deep elf master archer (Elf:3)
  Agnes (Elf:2)
  3 thorn hunters
  3 sphinxes
  A storm dragon (Vaults:4)
  A tengu reaver (Vaults:4)
  Gastronok (D:8)
  Kirke (Lair:6)
  10 nagarajas
  8 deep elf sorcerers
  3 orc warlords
  A fire giant (Vaults:4)
  3 frost giants (Vaults:4)
  14 vault wardens
  Aizul (Depths:1)
  A ghoul (Vaults:3)
  4 very ugly things (D:15)
  A cacodemon (D:15)
  3 ironheart preservers
  The ghost of Tarir the Basher, a journeyman FoFi of Gozag (Orc:1)
  5 stone giants
  2 war gargoyles (Vaults:4)
  6 deep elf elementalists (Elf:3)
  A vampire knight (Vaults:3)
  An entropy weaver (Vaults:4)
  Nessos (D:15)
  7 deep elf annihilators
  7 deep elf demonologists
  Azrael (D:15)
  5 deep elf death magi
  2 green deaths (Snake:1)
  5 ettins
  Snorg (D:14)
  A fire dragon (Vaults:4)
  5 deep elf high priests
  A servant of whispers (Vaults:1)
  3 ice dragons
  3 yaktaur captains
  Harold (D:11)
  15 vault guards
  16 naga warriors
  3 ghost crabs
  25 hydras
  9 anacondas
  13 two-headed ogres
  5 centaur warriors
  An ogre mage (Vaults:4)
  A tengu warrior (D:12)
  11 alligators
  A deep troll shaman (Vaults:1)
  6 death yaks (Lair:6)
  2 deep troll earth magi
  6 orc high priests
  18 naga sharpshooters
  Urug (D:12)
  2 spriggan berserkers (Swamp:4)
  4 shock serpents
  A shadow wraith (Vaults:2)
  10 deep elf knights
  3 salamander mystics (Snake:3)
  13 skeletal warriors
  4 unseen horrors
  A flayed ghost (Vaults:4)
  11 swamp dragons
  The ghost of SFR the Gouger, a novice FeAr of Lugonu (D:12)
  4 sea snakes (Snake:3)
  3 spriggan druids
  A wizard (Vaults:3)
  An obsidian statue (Volcano)
  10 naga ritualists
  5 shambling mangroves
  3 necromancers
  12 ironbrand convokers
  16 orc knights
  5 deep elf archers
  4 phantasmal warriors
  A shadow dragon zombie (D:15)
  A frost giant zombie (Vaults:3)
  47 deep elf magi
  2 wolf spiders
  5 orc sorcerers
  14 ugly things
  4 cyclopes
  6 manticores
  5 mana vipers
  11 salamanders
  2 centaur zombies
  5 elephants
  35 naga magi
  3 guardian serpents
  29 black mambas
  Psyche (D:9)
  A stone giant skeleton (D:15)
  8 vault sentinels
  2 spriggan zombies (D:15)
  A gargoyle (D:12)
  2 ice statues
  5 centaur skeletons
  The ghost of thelaststarmaker the Ducker, a novice DsBe of Trog (D:5)
  3 kobold demonologists
  2 efreet
  18 spiny frogs
  A yaktaur zombie (Vaults:3)
  30 yaktaurs
  6 komodo dragons
  5 anaconda simulacra (IceCv)
  4 freezing wraiths
  6 ice devils (IceCv)
  A tengu conjurer (D:12)
  A guardian mummy (D:15)
  7 trolls
  A meliai (shapeshifter) (Vaults:4)
  4 polar bears
  31 hornets
  12 tyrant leeches
  15 bog bodies
  7 hippogriffs
  13 blink frogs
  A saltling (Desolation)
  32 slime creatures
  A dream sheep (shapeshifter) (Elf:2)
  10 dream sheep (Lair:6)
  A water elemental (Elf:3)
  28 spriggans
  3 shadows
  A vampire (D:12)
  A hog (shapeshifter) (Vaults:4)
  2 dire elephant simulacra (IceCv)
  2 wraiths
  9 fire elementals
  Grum (D:9)
  2 wyverns
  A hog (Lair:6)
  5 basilisks
  A human (shapeshifter) (D:15)
  63 yaks
  5 fire bats (Volcano)
  8 vampire mosquitoes
  6 harpy simulacra (IceCv)
  4 hungry ghosts
  9 insubstantial wisps
  3 wargs
  55 nagas
  17 swamp worms
  Duvessa (D:6)
  6 porcupines
  5 hell hounds
  15 water moccasins
  2 soldier ants
  5 hydra simulacra (IceCv)
  A hornet zombie (D:13)
  10 swamp drakes
  6 ice beasts
  4 sky beasts
  53 orc warriors
  An ettin simulacrum (IceCv)
  3 black bears (Lair:6)
  An alligator simulacrum (IceCv)
  6 boggarts
  10 ogres
  2 phantoms
  A necrophage (D:7)
  54 wolves
  17 centaurs
  9 crocodiles
  An elf zombie (D:7)
  3 big kobolds
  27 bullfrogs
  2 earth elementals
  A gnoll sergeant (D:8)
  Dowan (D:6)
  A water moccasin zombie (D:9)
  3 scorpions
  19 killer bees
  A swamp dragon simulacrum (IceCv)
  12 wights
  4 vampire bats (Orc:1)
  3 howler monkeys
  2 electric eels
  A bullfrog zombie (D:8)
  6 crimson imps
  4 lava snakes (Volcano)
  5 human zombies (D:7)
  A jelly (D:9)
  A draconian simulacrum (IceCv)
  31 orc priests
  2 bullfrog skeletons
  A human simulacrum (Vaults:2)
  7 hounds
  A human skeleton (D:7)
  3 iguanas
  33 orc wizards
  A polar bear simulacrum (IceCv)
  15 worker ants
  2 troll simulacra (IceCv)
  2 spriggan simulacra (IceCv)
  A centaur simulacrum (IceCv)
  A hound skeleton (D:8)
  A worker ant zombie (D:8)
  11 adders
  10 gnolls
  4 naga simulacra (IceCv)
  An ogre simulacrum (IceCv)
  5 shadow imps
  6 white imps
  10 ufetubi (IceCv)
  2 oozes
  An adder zombie (D:7)
  3 dart slugs (D:1)
  4 leopard geckos
  117 orcs
  5 giant cockroaches
  7 goblins
  6 hobgoblins
  4 jackals (D:4)
  2 quokkas
  A ball python (D:2)
  8 bats
  7 frilled lizards
  A giant cockroach zombie (D:6)
  3 goblin zombies (D:4)
  3 hobgoblin zombies (D:4)
  A jackal skeleton (D:6)
  15 kobolds
  A kobold skeleton (D:4)
  2 leopard gecko skeletons (D:4)
  An orc skeleton (D:7)
  A quokka skeleton (D:4)
  3 rats
  A briar patch (Swamp:1)
  A pillar of salt (Vaults:1)
1665 creatures vanquished.

Vanquished Creatures (collateral kills)
  Boris (Vaults:2)
  A vault warden (Vaults:2)
  An ironheart preserver (Vaults:2)
  A stone giant (Vaults:2)
  2 yaktaur captains
  A great orb of eyes (Vaults:1)
  A fire dragon (Vaults:1)
  A naga warrior (Snake:4)
  A peacekeeper (Vaults:1)
  A death knight (Vaults:2)
  3 ogre magi (Vaults:1)
  A naga sharpshooter (Snake:4)
  A deep elf knight (Vaults:2)
  2 skeletal warriors (Vaults:2)
  An unseen horror (Vaults:1)
  A wizard (Vaults:2)
  A deep elf archer (Vaults:2)
  A deep troll (Vaults:1)
  3 orc knights
  An ironbrand convoker (Vaults:2)
  2 deep elf magi (Vaults:2)
  An orc sorcerer (Vaults:1)
  15 slime creatures
  7 ugly things
  A vault sentinel (Vaults:1)
  A naga mage (Snake:4)
  A yaktaur zombie (Vaults:3)
  3 yaktaurs (Vaults:2)
  A freezing wraith (Vaults:3)
  2 trolls (Vaults:2)
  2 human simulacra
  4 nagas (Snake:4)
  10 orc warriors
  An ogre (Vaults:1)
  An orc priest (Vaults:2)
  An orc wizard (D:10)
  6 orcs
  9 pillars of salt (Vaults:1)
94 creatures vanquished.

Vanquished Creatures (others)
  A fire giant (Vaults:1)
  A vault warden (Vaults:2)
  A stone giant (Vaults:2)
  3 ironheart preservers
  A deep elf annihilator (Elf:3)
  2 centaur warriors (Vaults:2)
  2 yaktaur captains
  3 vault guards (Vaults:2)
  A hydra (Swamp:1)
  8 two-headed ogres
  An ogre mage (Vaults:2)
  A deep troll earth mage (Vaults:1)
  26 dancing weapons
  A naga sharpshooter (Snake:4)
  2 spriggans (Swamp:1)
  A skeletal warrior (Vaults:2)
  A deep elf archer (Vaults:2)
  2 swamp dragons (Swamp:1)
  2 ironbrand convokers (Vaults:1)
  3 vault sentinels (Vaults:2)
  4 deep elf magi
  A cyclops (Vaults:3)
  3 ugly things (Vaults:1)
  A centaur skeleton (D:14)
  10 yaktaurs
  2 hornets (Swamp:1)
  2 saltlings (Desolation)
  A yak (D:14)
  5 humans (Lair:6)
  2 orc warriors (Vaults:2)
  A swamp drake (Swamp:2)
  4 boggarts (Vaults:2)
  A centaur (Vaults:4)
  2 ogres
  2 orc priests (Vaults:2)
  An orc wizard (D:4)
  A dart slug (D:3)
  3 orcs
  A giant cockroach (D:3)
  5 briar patches (Swamp:1)
  3 bushes (Depths:1)
  27 fungi
  A pillar of salt (Vaults:1)
  3 plants
  3 withered plants
152 creatures vanquished.

Grand Total: 1911 creatures vanquished

Notes
Turn   | Place    | Note
-------+----------+-------------------------------------------
     0 | D:1      | vinnietd the Gargoyle Fighter began the quest for the Orb.
     0 | D:1      | Reached XP level 1. HP: 14/14 MP: 1/1
    92 | D:1      | Reached XP level 2. HP: 19/19 MP: 2/2
   715 | D:2      | Reached XP level 3. HP: 18/23 MP: 3/3
   742 | D:2      | Found a bloodstained altar of Trog.
  1260 | D:3      | Found a faded altar of an unknown god.
  1264 | D:3      | Reached XP level 4. HP: 28/28 MP: 4/4
  1602 | D:3      | Found a sparkling altar of Nemelex Xobeh.
  1705 | D:3      | Found a radiant altar of Vehumet.
  1838 | D:4      | Reached skill level 5 in Maces & Flails
  1838 | D:4      | Reached XP level 5. HP: 18/32 MP: 5/5
  2024 | D:4      | Found a glowing golden altar of the Shining One.
  2222 | D:4      | Reached XP level 6. HP: 29/37 MP: 6/6
  2873 | D:4      | Reached XP level 7. HP: 20/41 MP: 7/7
  3117 | D:4      | Gained mutation: You expend magic power (3 MP) to strengthen your wands. [potion of mutation]
  3117 | D:4      | Gained mutation: You can translocate small distances at will. [potion of mutation]
  3117 | D:4      | Gained mutation: You are surrounded by a mild repulsion field. (EV +2) [potion of mutation]
  3269 | D:4      | Found a hazy altar of Hepliaklqana.
  3362 | D:5      | Entered Level 5 of the Dungeon
  3689 | D:5      | Found a runed door.
  3689 | D:5      | Noticed thelaststarmaker's ghost (novice DsBe)
  3765 | D:5      | Found an opulent altar of Gozag.
  3813 | D:5      | Found Ifus's Distillery.
  3854 | D:5      | Became a worshipper of Gozag Ym Sagoz the Greedy
  4094 | D:5      | Killed thelaststarmaker's ghost
  4094 | D:5      | Reached XP level 8. HP: 43/46 MP: 8/8
  4421 | D:5      | Found an ornate altar of the Wu Jian Council.
  4590 | D:6      | Noticed Duvessa
  4594 | D:6      | Noticed Dowan
  4609 | D:6      | Killed Duvessa
  4609 | D:6      | Reached skill level 10 in Maces & Flails
  4622 | D:6      | Killed Dowan
  4911 | D:6      | Found Teuschoe's Food Emporium.
  4919 | D:6      | Reached XP level 9. HP: 52/52 MP: 9/9
  4928 | D:6      | Bought a ration for 50 gold pieces
  4928 | D:6      | Bought a ration for 50 gold pieces
  5486 | D:6      | Found a staircase to the Ecumenical Temple.
  5703 | D:7      | Got a jewelled leather armour
  5704 | D:7      | Identified the +1 leather armour "Hosteol" {*Contam +Blink Regen+ Slay+5} (You found it on level 7 of the Dungeon)
  6163 | D:7      | Reached skill level 5 in Fighting
  6163 | D:7      | Reached skill level 5 in Armour
  6163 | D:7      | Reached skill level 5 in Shields
  6241 | D:7      | Found a basalt altar of Yredelemnul.
  6550 | D:7      | Reached XP level 10. HP: 59/59 MP: 10/10
  6667 | D:8      | Noticed Gastronok
  6690 | D:8      | Killed Gastronok
  7377 | D:8      | Reached XP level 11. HP: 60/67 MP: 9/11
  7634 | D:8      | Found Giefif's Distillery.
  7653 | D:8      | Bought a potion of experience for 600 gold pieces
  7653 | D:8      | Reached skill level 10 in Fighting
  7653 | D:8      | Reached skill level 5 in Dodging
  7653 | D:8      | Reached XP level 12. HP: 77/77 MP: 12/12
  7939 | D:9      | Found a staircase to the Orcish Mines.
  7980 | D:9      | Noticed Grum
  7994 | D:9      | Killed Grum
  8228 | D:9      | Noticed a two-headed ogre
  8237 | D:9      | Killed a two-headed ogre
  8309 | D:9      | Noticed Psyche
  8315 | D:9      | Killed Psyche
  8733 | D:9      | Found a roughly hewn altar of Beogh.
  9100 | D:10     | Entered Level 10 of the Dungeon
  9357 | D:10     | Got a heavily runed leather armour
  9358 | D:10     | Identified the +3 leather armour of Wariness {rC+ MR- rCorr Str+2} (You found it on level 10 of the Dungeon)
  9431 | D:10     | Found Caqoes Igo's Magic Scroll Shop.
  9939 | D:11     | Noticed a two-headed ogre
  9962 | D:11     | Killed a two-headed ogre
 10049 | D:11     | Found a staircase to the Lair.
 10404 | D:11     | Noticed Harold
 10435 | D:11     | Killed Harold
 10435 | D:11     | Reached XP level 13. HP: 57/84 MP: 9/13
 11168 | D:12     | Noticed Urug
 11182 | D:12     | Killed Urug
 11280 | D:12     | Noticed SFR's ghost (novice FeAr)
 11280 | D:12     | Noticed a lich
 11281 | D:12     | Noticed an ettin
 11370 | D:12     | Reached skill level 1 in Evocations
 11524 | D:12     | Found a runed door.
 11528 | D:12     | Noticed a yaktaur captain
 11533 | D:12     | Found a runed door.
 12187 | D:13     | Found a gate to the Vaults.
 12187 | D:13     | Noticed a vault guard
 12187 | D:13     | Noticed a vault guard
 12187 | D:13     | Noticed a vault guard
 12187 | D:13     | Noticed a vault guard
 12203 | D:13     | Killed a vault guard
 12224 | D:13     | Killed a vault guard
 12236 | D:13     | Killed a vault guard
 12261 | D:13     | Killed a vault guard
 12271 | D:13     | Reached skill level 15 in Maces & Flails
 12400 | D:13     | Bought a pair of steaming gloves for 256 gold pieces
 12410 | D:13     | Identified the -7 pair of gloves "Cusapneg" {rPois rN+ rCorr} (You bought it in a shop on level 13 of the Dungeon)
 12972 | Orc:1    | Entered Level 1 of the Orcish Mines
 13000 | D:9      | Reached skill level 10 in Armour
 13004 | D:9      | Reached skill level 10 in Shields
 13033 | Orc:1    | Noticed an orc warlord
 13235 | D:9      | Killed an orc warlord
 13235 | D:9      | Gained mutation: Your large and strong wings let you fly indefinitely. [Gargoyle growth]
 13235 | D:9      | Reached XP level 14. HP: 64/92 MP: 4/16
 13459 | Orc:1    | Found a runed door.
 13459 | Orc:1    | Noticed Tarir's ghost (journeyman FoFi)
 13663 | Orc:1    | Bought the +2 morningstar of Vyq Enke {freeze, +Rage rElec Str+4} for 517 gold pieces
 13672 | Orc:2    | Entered Level 2 of the Orcish Mines
 13672 | Orc:2    | Found Upeshrist's Jewellery Emporium.
 13672 | Orc:2    | Noticed an orc warlord
 13685 | Orc:2    | Found Kiachon's Antique Armour Shop.
 13776 | Orc:2    | Found a staircase to the Elven Halls.
 13927 | Orc:2    | Found a dark tunnel.
 14011 | Volcano  | Entered a volcano
 14114 | Volcano  | Noticed a stone giant
 14130 | Volcano  | Found a burning altar of Makhleb.
 14135 | Volcano  | Killed a stone giant
 14445 | Orc:2    | Killed an orc warlord
 14541 | Orc:2    | Bought a distressingly furry helmet for 294 gold pieces
 14551 | Orc:2    | Identified the +0 helmet of Polytheism {+Blink rElec rC- rN+} (You bought it in a shop on level 2 of the Orcish Mines)
 14581 | Orc:2    | Found Simolah's General Store.
 14604 | Orc:2    | Gained mutation: You have large cloven feet. [mutagenic glow]
 14921 | Orc:2    | Reached skill level 5 in Evocations
 14922 | Orc:2    | Paralysed by an orc sorcerer for 3 turns
 15169 | Orc:2    | Found Gaffa's Antique Weapon Shop.
 15199 | Orc:2    | Bought an uncursed amulet of regeneration for 480 gold pieces
 15464 | Lair:1   | Entered Level 1 of the Lair of Beasts
 17431 | Lair:3   | Reached XP level 15. HP: 97/97 MP: 19/19
 17850 | Lair:3   | Found a staircase to the Swamp.
 18014 | Lair:4   | Found a runed door.
 18014 | Lair:4   | Found a shimmering altar of Xom.
 18014 | Lair:4   | Noticed Nihesos's ghost (journeyman GnEn)
 18378 | Lair:4   | Found a staircase to the Snake Pit.
 18593 | Lair:4   | Found the +8 whip "Snakebite" {curare, rPois}
 18863 | Lair:5   | Found a staircase to the Slime Pits.
 18865 | Lair:5   | Found a viscous altar of Jiyva.
 19652 | Lair:6   | Entered Level 6 of the Lair of Beasts
 19758 | Lair:6   | Noticed Kirke
 19769 | Lair:6   | Killed Kirke
 20322 | D:13     | Bought the +18 shield of the Gong {rElec rN+ MR+ EV-5} for 2627 gold pieces
 20322 | D:13     | Found the +18 shield of the Gong {rElec rN+ MR+ EV-5}
 20730 | Lair:6   | Reached XP level 16. HP: 104/104 MP: 23/23
 20854 | Lair:6   | Upgraded the game from 0.22-a0-558-gc224181 to 0.22-a0-565-gfc6459a
 21551 | D:12     | Killed a lich
 21566 | D:12     | Killed SFR's ghost
 21840 | D:14     | Reached skill level 10 in Evocations
 21851 | D:14     | Noticed Snorg
 21883 | D:14     | Killed Snorg
 22050 | D:14     | Found a basalt altar of Yredelemnul.
 22858 | D:15     | Entered Level 15 of the Dungeon
 22925 | D:15     | Noticed Nessos
 22931 | D:15     | Noticed Azrael
 22941 | D:15     | Killed Nessos
 23028 | D:15     | Killed Azrael
 23191 | D:15     | Found a staircase to the Depths.
 23562 | D:15     | Found a snail-covered altar of Cheibriados.
 23681 | D:15     | Found a gateway to a bazaar.
 23690 | Bazaar   | Entered a bazaar
 23696 | Bazaar   | Found Aqax Roq's Magic Scroll Shoppe.
 23697 | Bazaar   | Found Saug's Jewellery Emporium.
 23715 | Bazaar   | Bought a +6 ring of protection for 1092 gold pieces
 24125 | Orc:1    | Killed Tarir's ghost
 24131 | Orc:1    | Identified the Reference Book on Lethal Fire
 24298 | Swamp:1  | Entered Level 1 of the Swamp
 24338 | Swamp:1  | Noticed a thorn hunter
 24358 | Swamp:1  | Killed a thorn hunter
 24563 | Swamp:1  | Reached XP level 17. HP: 96/112 MP: 25/25
 26954 | Swamp:4  | Entered Level 4 of the Swamp
 27099 | Swamp:4  | Reached skill level 15 in Fighting
 27932 | Swamp:4  | Reached XP level 18. HP: 101/119 MP: 27/27
 28263 | Swamp:4  | Got a decaying rune of Zot
 28462 | Snake:1  | Entered Level 1 of the Snake Pit
 28514 | Snake:1  | Found a runed door.
 29036 | Snake:1  | Got a jewelled buckler
 29037 | Snake:1  | Identified the cursed +0 buckler of Ujaogher {rPois} (You found it on level 1 of the Snake Pit)
 29575 | Snake:2  | Noticed Nikola
 29586 | Snake:2  | Killed Nikola
 30792 | Snake:3  | Found Syuc's Gadget Emporium.
 30792 | Snake:3  | Found Kenlunagask's Gadget Shoppe.
 30793 | Snake:3  | Found Kitom's Distillery.
 30795 | Snake:3  | Found Amecu's Book Shoppe.
 30880 | Snake:3  | Reached skill level 15 in Armour
 30903 | Snake:3  | Reached skill level 15 in Shields
 30914 | Snake:3  | Reached XP level 19. HP: 62/125 MP: 29/29
 31277 | Snake:4  | Entered Level 4 of the Snake Pit
 31324 | Snake:4  | Noticed Jorgrun
 31349 | Snake:4  | Killed Jorgrun
 31605 | Snake:4  | Found a frozen archway.
 31644 | IceCv    | Entered an ice cave
 32199 | IceCv    | Reached skill level 15 in Evocations
 32290 | IceCv    | Noticed an Ice Fiend
 32307 | IceCv    | Killed an Ice Fiend
 32337 | IceCv    | Identified the Catalogue of Confrontation
 32618 | Snake:4  | Noticed Vashnia
 32666 | Snake:4  | Killed Vashnia
 33868 | Snake:4  | Got a serpentine rune of Zot
 33876 | Snake:4  | Reached XP level 20. HP: 134/134 MP: 31/31
 34202 | Snake:4  | Got a jewelled hat
 34203 | Snake:4  | Identified the +2 hat of Zyalem {MR+} (You found it on level 4 of the Snake Pit)
 34795 | Vaults:1 | Entered Level 1 of the Vaults
 35465 | Vaults:1 | Found a ruined gateway.
 35474 | Desolati | Entered the Desolation of Salt
 36801 | Vaults:2 | Found Saenois's General Store.
 36877 | Vaults:2 | Noticed Boris
 37127 | Vaults:2 | Killed Boris
 38996 | Vaults:2 | Identified a scroll of acquirement
 39237 | Vaults:3 | Found a staircase to the Crypt.
 39324 | Vaults:3 | Reached XP level 21. HP: 140/140 MP: 33/33
 40273 | Vaults:4 | Found Rulaff's Book Boutique.
 40282 | Vaults:4 | Learned a level 2 spell: Song of Slaying
 40440 | Vaults:4 | Reached skill level 1 in Spellcasting
 40440 | Vaults:4 | Reached skill level 1 in Charms
 40606 | Vaults:4 | Got a warped helmet
 40607 | Vaults:4 | Identified the +1 helmet of Fimayt {Str+3 Dex+3} (You found it on level 4 of the Vaults)
 41277 | Vaults:4 | Got an ancient lapis lazuli ring
 41546 | Vaults:4 | Found Oxim Bax's Jewellery Emporium.
 41717 | Vaults:4 | Identified the ring of Twilight {Fire rElec rN++} (You took it off a frost giant on level 4 of the Vaults)
 41980 | Elf:1    | Entered Level 1 of the Elven Halls
 42016 | Elf:1    | Reached XP level 22. HP: 148/148 MP: 34/34
 42035 | Elf:1    | Reached skill level 5 in Charms
 42055 | Elf:1    | Reached skill level 5 in Spellcasting
 42226 | Elf:1    | Identified the Catalogue of Combat Magic
 42293 | Elf:1    | Got a heavily runed shield
 42294 | Elf:1    | Identified the +2 shield of Insecurity {rC+ Regen+} (You acquired it on level 1 of the Elven Halls)
 42801 | Elf:2    | Noticed Agnes
 42810 | Elf:2    | Killed Agnes
 43191 | Elf:2    | Found a runed gate.
 43191 | Elf:2    | Found a runed gate.
 43191 | Elf:2    | Found a runed gate.
 44015 | Elf:3    | Entered Level 3 of the Elven Halls
 44254 | Elf:3    | Found Wiykkexeh's Gadget Emporium.
 44260 | Elf:3    | Bought a wand of acid (10) for 392 gold pieces
 44260 | Elf:3    | Bought a box of beasts for 280 gold pieces
 44944 | Elf:3    | Got a scintillating gossamer ring
 44981 | Elf:3    | Identified the ring "Mofoh" {+Fly Int+2 Stlth+} (You took it off a deep elf demonologist on level 3 of the Elven Halls)
 44989 | Elf:3    | Got a twisted flail {drain}
 44990 | Elf:3    | Identified the +5 flail of Rotation {drain, rPois Int+4} (You took it off a deep elf high priest on level 3 of the Elven Halls)
 45143 | Elf:3    | Got an encrusted chain mail
 45144 | Elf:3    | Identified the +4 chain mail of the Wilderness {rPois rC- Str+2} (You found it on level 3 of the Elven Halls)
 45155 | Elf:3    | Got a pair of twisted gloves
 45156 | Elf:3    | Identified the +2 pair of gloves of the Dwarven Hall {+Inv rPois Int-4 Dex-4} (You found it on level 3 of the Elven Halls)
 45208 | Elf:3    | Found the +2 cloak of the Thief {+Fog Slay-2 SInv Stlth+}
 45210 | Elf:3    | Identified the Collected Works on Dark Rituals and Air
 45260 | Elf:3    | Got a steaming amber ring
 45261 | Elf:3    | Identified the ring of Starshine {-Tele rPois Int+2 Dex+4 Stlth+} (You found it on level 3 of the Elven Halls)
 45503 | Orc:2    | Bought an embroidered cloak for 232 gold pieces
 45804 | Depths:1 | Entered Level 1 of the Depths
 45813 | Depths:1 | Noticed Aizul
 45862 | D:15     | Reached XP level 23. HP: 129/153 MP: 35/35
 45914 | Depths:1 | Killed Aizul
 45916 | Depths:1 | Paralysed by a floating eye for 4 turns
 45919 | Depths:1 | Slain by a white very ugly thing

Vault maps used:
D:1:      eino_arrival_water_cross, supply_closet_lemuel
D:2:      bloody_trog
D:3:      kennysheep_big_flooded_room, nemelex_altar_shiori,
          fiery_altar_vehumet, first_ration,
          chequers_ecumenical_altar_simple_redux
D:4:      kennysheep_mini, nicolae_tso_besieged_by_evil, enter_ossuary_3
D:5:      nicolae_overflow_crystal_walls, grunt_gozag_breadcrumbs, serial_shops,
          nicolae_shop_waterfront, gammafunk_ghost_grave
D:6:      minmay_temple_entry_nine_rooms, serial_shops, shop,
          hangedman_decor_diamond_cutter, uniq_duvessa
D:7:      lemuel_mausoleum_altar_yredelemnul
D:8:      argonaut_augean_stables, serial_shops, shop, grunt_pizzeria,
          uniq_gastronok
D:9:      minmay_orc_entry_temple_small, uniq_psyche, uniq_grum
D:10:     serial_shops, nicolae_shop_behind_doors
D:11:     minmay_lair_entry_lava, uniq_harold
D:12:     hangedman_cross_stitches, muffindrake_ghost_dual_entry, uniq_urug
D:13:     lightli_vaults_fourway_checkpoint
D:14:     kennysheep_decorative_pillar, lemuel_centaur_altar, uniq_snorg
D:15:     gammafunk_depths_entry_grave, serial_shops, bzr_firewalk,
          cheibriados_altar_1, uniq_nessos, uniq_azrael
Lair:1:   grunt_forest_large_clearing_hut
Lair:3:   nicolae_swamp_entry_splash_gauntlet, minivault_26,
          serial_bayou_shore_b
Lair:4:   minmay_guarded_unrand_snakebite, guppyfry_snake_entry_garden,
          ebering_ghost_xom
Lair:5:   slime_altar_1, fungi_pond_lemuel, minivault_26,
          grunt_forest_large_clearings
Lair:6:   minmay_lair_end_enchanted_forest, uniq_kirke
Swamp:1:  nicolae_swamp_very_dense_foliage, swamp_pool1,
          hangedman_swamp_wriggling
Swamp:2:  evilmike_swamp_ruin_rubble_1
Swamp:3:  evilmike_swamp_ruin_house_4
Swamp:4:  swamp_basic_johnstein
Snake:1:  cheibrodos_toxic_ritual, nrook_guardian_serpent_double
Snake:2:  special_room, grunt_megastairs_5, uniq_nikola
Snake:3:  nicolae_snake_single_loop, guppyfry_snake_island, minmay_shoptagon
Snake:4:  snake_pit, portal_ice_cave_entry_ice_statue_one, grunt_megastairs_4,
          uniq_vashnia, uniq_jorgrun
Orc:1:    ebering_ghost_inner_flame, roderic_batcave
Orc:2:    grunt_orc_gardens, grunt_orc_garden, grunt_orc_garden,
          grunt_orc_garden, grunt_orc_garden, nicolae_volcano_entry_s_turn
Elf:1:    eino_elf_arrival_the_gate, minmay_elf_annihilation
Elf:2:    minmay_misc_feat_rows, uniq_agnes
Elf:3:    minmay_elf_hall_hex, serial_shops, shop
Vaults:1: vaults_room_hangedman_quadrants, grunt_vaults_hallway_long,
          vaults_room_door_hall, vaults_room_door_hall, ontoclasm_vaults_spin,
          v_misc_12, nicolae_vaults_shelves_hall,
          nicolae_vaults_mini_display_case, portal_desolation_entry_garden
Vaults:2: vaults_room_fours, nicolae_vaults_specimen_jars, v_misc_23,
          nicolae_vaults_circle_grid_a, vaults_room_grid, vaults_dpeg_doors,
          ontoclasm_vaults_decontamination, hangedman_vaults_locks,
          hangedman_vaults_cutoff, special_room_vaults,
          nicolae_vaults_what_the_h, ontoclasm_vaults_tryst,
          nicolae_vaults_big_ls, nicolae_vaults_little_squares_1,
          vaults_dpeg_hooks, serial_shops, shop, uniq_boris
Vaults:3: minmay_crypt_entry_simple_corners, grunt_vaults_swirl, v_misc_18,
          hangedman_vaults_snaps, grunt_vaults_focal
Vaults:4: nicolae_vaults_network_quinsquares, v_misc_24, st_greater_box_1,
          vaults_mumra_hexcomb, vaults_room_ringed_pool, v_pattern_5,
          vaults_room_stairs_pillars, vaults_room_mumra_shop_pool, v_misc_26,
          vaults_dpeg_diagonal, nicolae_vaults_alarming,
          nicolae_vaults_little_squares_2, v_misc_4, serial_shops, shop
Depths:1: hell_entry, abyss_entry, rand_demon_pan_entry_7, minivault_15,
          grunt_decor_cap, st_stairs_8, minmay_hedge_maze, fountainhead,
          grunt_ministairs_12, nooodl_orcs_dogs, serial_bayou_shore_a,
          serial_bayou_shore_b, uniq_aizul, uniq_enchantress
Bazaar:   bazaar_mystics
IceCv:    ice_cave_caverns_01
Volcano:  volcano_grotto

Skill      XL: |  1  2  3  4  5  6  7  8  9 10 11 12 13 14 15 16 17 18 19 20 21 22 |
---------------+-------------------------------------------------------------------+-----
Maces & Flails | 3 4 5 6 7 9 10 11 12 13 14 15 16 | 16.0
Fighting       | 5 7 10 11 12 13 14 15 16 17 18 | 18.9
Armour         | 5 7 8 10 11 12 13 14 15 16 17 18 | 18.1
Shields        | 5 7 8 10 11 12 13 14 15 | 15.0
Dodging        | 5 6 8 9 |  9.1
Evocations     | 3 6 9 11 12 14 15 17 | 17.4
Spellcasting   | 4 8 |  8.1
Charms         | 4 8 |  8.2

Action                   |  1- 3 |  4- 6 |  7- 9 | 10-12 | 13-15 | 16-18 | 19-21 | 22-24 || total
-------------------------+-------+-------+-------+-------+-------+-------+-------+-------++-------
Melee: Flail             |   107 |   206 |   285 |       |   378 |       |       |       ||   976
       Mace              |       |       |   144 |   655 |   133 |       |       |       ||   932
       Morningstar       |       |       |       |       |  1093 |   209 |       |       ||  1302
       Whip              |       |       |       |       |       |  2038 |  1743 |       ||  3781
       Eveningstar       |       |       |       |       |       |       |   665 |   552 ||  1217
 Cast: Song of Slaying   |       |       |       |       |       |       |     3 |     8 ||    11
Invok: Potion Petition   |       |       |     2 |     2 |     1 |     1 |     2 |       ||     8
       Call Merchant     |       |       |       |       |     2 |     1 |     3 |     1 ||     7
       Bribe Branch      |       |       |       |       |       |       |     1 |       ||     1
 Abil: Evoke Blink       |       |       |       |       |     1 |     2 |     6 |     1 ||    10
       Stop Flying       |       |       |       |       |       |     1 |       |       ||     1
Evoke: Sack of spiders   |       |       |       |       |     3 |       |     2 |       ||     5
       Wand              |       |       |       |       |     2 |     6 |     5 |     1 ||    14
       Lamp of fire      |       |       |       |       |     1 |     4 |     5 |       ||    10
       Fan of gales      |       |       |       |       |       |     1 |     2 |       ||     3
       Lightning rod     |       |       |       |       |       |     4 |    11 |       ||    15
       Box of beasts     |       |       |       |       |       |       |     1 |       ||     1
  Use: Potion            |       |     1 |     9 |     5 |       |       |       |       ||    15
       Scroll            |       |       |    15 |     5 |     2 |    12 |    18 |    15 ||    67
 Stab: Distracted        |       |       |     6 |     3 |     6 |    14 |    18 |     2 ||    49
       Sleeping          |       |       |       |     1 |     1 |       |       |       ||     2
       Paralysed         |       |       |       |       |     4 |       |       |       ||     4
       Confused          |       |       |       |       |       |     3 |       |       ||     3
       Invisible         |       |       |       |       |       |       |     1 |       ||     1
  Eat: Chunk             |     1 |     5 |     5 |       |       |       |       |       ||    11
       Ration            |       |       |     2 |     4 |    11 |    10 |    11 |     4 ||    42
Armor: Scale mail        |    52 |   103 |    10 |       |       |       |       |       ||   165
       Ring mail         |       |       |    20 |       |       |       |       |       ||    20
       Chain mail        |       |       |    67 |       |       |       |       |       ||    67
       Leather armour    |       |       |    56 |   188 |   480 |   445 |   381 |   147 ||  1697
       Plate armour      |       |       |       |       |    16 |       |       |       ||    16
Dodge: Dodged            |    29 |    59 |   105 |   254 |   742 |   271 |   260 |    94 ||  1814
Block: Shield            |    39 |   100 |   150 |   316 |  1100 |  2124 |  2387 |   763 ||  6979
       Reflection        |       |       |       |       |       |       |    14 |    31 ||    45

Table legend:
 A = Spawn XP
 B = Non-spawn XP
 C = Spawn XP percentage of total XP
 D = Spawn monster count
 E = Non-spawn monster count
 F = Spawn count percentage of total count
 G = Total turns spent on level
                    A         B        C        D         E        F      G
               +---------+---------+-------+---------+---------+-------+---------
         Total |       0 |  703880 |   0.0 |       0 |    1783 |   0.0 | 45919
               +---------+---------+-------+---------+---------+-------+---------
           D:1 |       0 |      31 |   0.0 |       0 |      14 |   0.0 |   579
           D:2 |       0 |      41 |   0.0 |       0 |      11 |   0.0 |   603
           D:3 |       0 |      72 |   0.0 |       0 |      20 |   0.0 |   773
           D:4 |       0 |     608 |   0.0 |       0 |      37 |   0.0 |  1614
           D:5 |       0 |     833 |   0.0 |       0 |      23 |   0.0 |  1017
           D:6 |       0 |     977 |   0.0 |       0 |      16 |   0.0 |   951
           D:7 |       0 |    2111 |   0.0 |       0 |      52 |   0.0 |  1024
           D:8 |       0 |    5615 |   0.0 |       0 |      45 |   0.0 |  1190
           D:9 |       0 |    7458 |   0.0 |       0 |      67 |   0.0 |  1923
          D:10 |       0 |    1646 |   0.0 |       0 |      20 |   0.0 |   861
          D:11 |       0 |    9773 |   0.0 |       0 |      57 |   0.0 |  1586
          D:12 |       0 |   16409 |   0.0 |       0 |      46 |   0.0 |  1210
          D:13 |       0 |   10258 |   0.0 |       0 |      26 |   0.0 |  1131
          D:14 |       0 |   10776 |   0.0 |       0 |      48 |   0.0 |   707
          D:15 |       0 |   26919 |   0.0 |       0 |      52 |   0.0 |  1102
        Lair:1 |       0 |    6848 |   0.0 |       0 |      28 |   0.0 |   857
        Lair:2 |       0 |    3350 |   0.0 |       0 |      12 |   0.0 |  1035
        Lair:3 |       0 |    4554 |   0.0 |       0 |      23 |   0.0 |  1134
        Lair:4 |       0 |    5582 |   0.0 |       0 |      26 |   0.0 |  1046
        Lair:5 |       0 |    7390 |   0.0 |       0 |      51 |   0.0 |   911
        Lair:6 |       0 |   28935 |   0.0 |       0 |      94 |   0.0 |  1435
       Swamp:1 |       0 |   14046 |   0.0 |       0 |      32 |   0.0 |   899
       Swamp:2 |       0 |   11619 |   0.0 |       0 |      32 |   0.0 |   808
       Swamp:3 |       0 |   16302 |   0.0 |       0 |      41 |   0.0 |   978
       Swamp:4 |       0 |   42381 |   0.0 |       0 |      74 |   0.0 |  1295
       Snake:1 |       0 |   14964 |   0.0 |       0 |      32 |   0.0 |  1121
       Snake:2 |       0 |   20692 |   0.0 |       0 |      31 |   0.0 |   784
       Snake:3 |       0 |   28444 |   0.0 |       0 |      47 |   0.0 |  1165
       Snake:4 |       0 |   67627 |   0.0 |       0 |     106 |   0.0 |  2289
         Orc:1 |       0 |    4734 |   0.0 |       0 |      35 |   0.0 |   806
         Orc:2 |       0 |   11404 |   0.0 |       0 |      45 |   0.0 |  1153
         Elf:1 |       0 |   15467 |   0.0 |       0 |      25 |   0.0 |   820
         Elf:2 |       0 |   33541 |   0.0 |       0 |      44 |   0.0 |  1474
         Elf:3 |       0 |   61573 |   0.0 |       0 |      60 |   0.0 |  1310
      Vaults:1 |       0 |   18850 |   0.0 |       0 |      51 |   0.0 |  1631
      Vaults:2 |       0 |   48490 |   0.0 |       0 |     118 |   0.0 |  2321
      Vaults:3 |       0 |   50629 |   0.0 |       0 |      82 |   0.0 |  1464
      Vaults:4 |       0 |   73868 |   0.0 |       0 |      79 |   0.0 |  1580
      Depths:1 |       0 |    3799 |   0.0 |       0 |       6 |   0.0 |    59
         IceCv |       0 |   11352 |   0.0 |       0 |      59 |   0.0 |   858
       Volcano |       0 |    3647 |   0.0 |       0 |      15 |   0.0 |   327
    Desolation |       0 |     265 |   0.0 |       0 |       1 |   0.0 |    49
               +---------+---------+-------+---------+---------+-------+---------
